 Dungeon Crawl Stone Soup version 0.30.1-4-g462c640d31 (webtiles) character file.

Game seed: 9223677724766108267

222 safid the Chiller (level 5, -3/41 HPs)
             Began as a Merfolk Ice Elementalist on Aug 25, 2023.
             Slain by Edmund
             ... wielding a +4 flail of protection
              (5 damage)
             ... on level 4 of the Dungeon.
             The game lasted 00:05:02 (3418 turns).

safid the Chiller (Merfolk Ice Elementalist)        Turns: 3418, Time: 00:05:03

Health: -3/41      AC:  8    Str: 14    XL:     5   Next: 99%
Magic:  0/10       EV: 13    Int: 16    God:
Gold:   220        SH:  0    Dex: 21    Spells: 1/11 levels left

rFire   . . .        p - +2 dagger (holy)
rCold   . . .        (no shield)
rNeg    . . .        a - +0 robe
rPois   .            (no helmet)
rElec   .            (no cloak)
rCorr   .            (no gloves)
SInv    .            (no boots)
Will    .....        d - amulet of the acrobat
Stlth   ++           k - +6 ring of dexterity
HPRegen 0.26/turn    m - +6 ring of strength
MPRegen 0.12/turn

%: acrobat
@: ice-armoured
A: (nimble swimmer 2), mertail
a: no special abilities


You were on level 4 of the Dungeon.
You visited 1 branch of the dungeon, and saw 4 of its levels.

You collected 220 gold pieces.

Inventory:

Hand Weapons
 c - a +0 spear
 p - a +2 dagger of holy wrath (weapon)
Armour
 a - a +0 robe (worn)
Jewellery
 d - an amulet of the acrobat (around neck)
 k - a +6 ring of dexterity (left hand)
 m - a +6 ring of strength (right hand)
Scrolls
 b - 3 scrolls of enchant armour {unknown}
 e - 7 scrolls of identify {unknown}
 f - 2 scrolls of vulnerability {unknown}
 i - a scroll of immolation {unknown}
 l - a scroll of amnesia {unknown}
Potions
 g - a potion of berserk rage {unknown}
 h - a potion of invisibility {unknown}
 j - a potion of heal wounds {unknown}
 n - a potion of brilliance {unknown}
 o - a potion of curing {unknown}


   Skills:
 + Level 3.2 Fighting
 - Level 2.6 Dodging
 - Level 2.1 Stealth
 + Level 3.5 Spellcasting
 + Level 5.7 Ice Magic


You had one spell level left.
You knew the following spells:

 Your Spells              Type           Power      Damage    Failure   Level
a - Freeze                Ice            84%        1d9       1%          1
b - Frozen Ramparts       Ice            42%        1d7       4%          3
c - Ozocubu's Armour      Ice            21%        N/A       4%          3
d - Hailstorm             Conj/Ice       12%        3d5       16%         3

Your spell library contained the following spells:

 Spells                   Type           Power      Damage    Failure   Level
 Ignite Poison            Fire/Tmut/Pois 2%         N/A       47%         3
 Vhi's Electric Charge    Tloc/Air       4%         N/A       47%         3
 Ice Form                 Ice/Tmut       12%        N/A       47%         4
 Summon Ice Beast         Ice/Summ       12%        N/A       47%         4
 Sticky Flame             Conj/Fire      2%         2d3       87%         4
 Arcjolt                  Conj/Air       1%         1d11      99%         5
 Ignition                 Fire           1%         3d3       100%        8
 Maxwell's Capacitive Co  Air            1%         ∞         100%        8


Dungeon Overview and Level Annotations

Branches:
Dungeon (4/15)
 Temple: D:4-7

Altars:
Okawaru

Shops:
D:3 *

Annotations:
D:4 Edmund


Innate Abilities, Weirdness & Mutations

((You are very nimble when in or above water. (Stealth+, EV+, Speed+++)))
Your lower body shifts to a powerful aquatic tail in water.


Message History

Press: ? - help, Shift-Dir - straight line, f/p - Edmund
Aim: Edmund, wielding a +4 flail of protection and wearing a +0 chain mail (lightly wounded)
You freeze Edmund.
Edmund is moderately wounded.
The wall freezes Edmund but does no damage.
Edmund hits you with a +4 flail of protection!
Casting: Freeze (safe; 1% risk of failure)
Confirm with . or Enter, or press ? or * to list all spells.
Aiming: Freeze (safe; 1% risk of failure)
Press: ? - help, Shift-Dir - straight line, f/p - Edmund
Aim: Edmund, wielding a +4 flail of protection and wearing a +0 chain mail (moderately wounded)
You freeze Edmund.
Edmund is moderately wounded.
The frozen ramparts melt away.
Edmund misses you.
Okay, then.
You hit Edmund but do no damage. You punch Edmund, but do no damage.
Edmund is moderately wounded.
Edmund hits you with a +4 flail of protection.
* * * LOW HITPOINT WARNING * * *
You hit Edmund but do no damage.
Edmund is moderately wounded.
Edmund closely misses you.
Casting: Freeze (safe; 1% risk of failure)
Confirm with . or Enter, or press ? or * to list all spells.
Aiming: Freeze (safe; 1% risk of failure)
Press: ? - help, Shift-Dir - straight line, f/p - Edmund
Aim: Edmund, wielding a +4 flail of protection and wearing a +0 chain mail (moderately wounded)
You freeze Edmund.
Edmund is heavily wounded.
Edmund hits you with a +4 flail of protection.
* * * LOW HITPOINT WARNING * * *
Casting: Freeze (safe; 1% risk of failure)
Confirm with . or Enter, or press ? or * to list all spells.
Aiming: Freeze (safe; 1% risk of failure)
Press: ? - help, Shift-Dir - straight line, f/p - Edmund
Aim: Edmund, wielding a +4 flail of protection and wearing a +0 chain mail (heavily wounded)
You freeze Edmund.
Edmund is heavily wounded.
Edmund hits you with a +4 flail of protection.
You die...

####+### #......#
##......##########
##................+
#........##########
..#......#########
###...)..'.......##
# #......#####.#@.#
# #......# #.##@# #
#.....(# #.# .+ #
#......# #.# ## .
#......# #.# .
#......# #.# #
.#+#.### #.#


You could see Edmund.

Vanquished Creatures
  An orc priest (D:3)
  A hound (D:4)
  4 gnolls (D:2)
  5 adders
  A worm (D:2)
  3 dart slugs
  3 orcs (D:3)
  2 bats
  10 endoplasms
  A giant cockroach (D:3)
  A goblin (D:3)
  3 hobgoblins
  7 jackals
  5 quokkas
  7 ball pythons
  4 frilled lizards
  7 kobolds
  4 rats
69 creatures vanquished.

Vanquished Creatures (others)
  A goblin (D:1)
1 creature vanquished.

Grand Total: 70 creatures vanquished

Notes
Turn   | Place    | Note
-------+----------+-------------------------------------------
     0 | D:1      | safid the Merfolk Ice Elementalist began the quest for the
                  | Orb.
     0 | D:1      | Reached XP level 1. HP: 13/13 MP: 3/3
   183 | D:1      | Reached XP level 2. HP: 4/20 MP: 0/5
   317 | D:1      | Reached skill level 1 in Fighting
  1037 | D:2      | Reached XP level 3. HP: 26/26 MP: 6/6
  1047 | D:2      | Learned a level 3 spell: Frozen Ramparts
  1450 | D:2      | Reached skill level 5 in Ice Magic
  1450 | D:2      | Reached XP level 4. HP: 5/33 MP: 0/8
  1910 | D:2      | Found an iron altar of Okawaru.
  2108 | D:2      | Learned a level 3 spell: Ozocubu's Armour
  2292 | D:3      | Reached XP level 5. HP: 10/39 MP: 5/9
  2513 | D:3      | Found Otiurgh's Assorted Antiques.
  2704 | D:3      | Learned a level 3 spell: Hailstorm
  3405 | D:4      | Noticed Edmund
  3417 | D:4      | HP: 2/41 [Edmund/+4 flail of protection (6)]
  3418 | D:4      | Slain by Edmund

Illustrated notes

Levels and vault maps discovered:
D:1:      psy_arrival_fountain, layout_basic, lemuel_flame_loot_1
D:2:      layout_loops_ring, basic_altar, minmay_box_of_dots
D:3:      layout_basic, serial_shops, shop
D:4:      layout_basic, glass_columns_a, nrook_uturn, uniq_ijyb, uniq_edmund,
          uniq_natasha

Skill      XL: |  1  2  3  4  5 |
---------------+----------------+-----
Fighting       | 1 2 3 |  3.2
Ice Magic      | 5 |  5.7
Spellcasting   | 3 |  3.5
Dodging        | |  2.6
Stealth        | |  2.1

Action                     |  1- 3 |  4- 6 || total
---------------------------+-------+-------++-------
  Melee: Spear             |    97 |    34 ||   131
         Unarmed           |     5 |       ||     5
         Punch             |     1 |     1 ||     2
         Dagger            |       |    39 ||    39
   Cast: Freeze            |    18 |    20 ||    38
         Frozen Ramparts   |     2 |     9 ||    11
         Ozocubu's Armour  |       |     2 ||     2
    Use: Potion            |     1 |       ||     1
   Stab: Sleeping          |    10 |     2 ||    12
         Distracted        |     1 |     1 ||     2
 Armour: Robe              |    13 |     8 ||    21
  Dodge: Dodged            |    67 |    56 ||   123
